General information
- name: jaws
- type: Custom game
- host: BG_NO_RE_LOSERS
- saver: SMERB.COM.COM
map: EchoIsles
- players: 7
- length: 05:12
- speed: Fast
- version: 1.24 W3XP
- replay type: Public
» download(19 KB)
Players
team 1 (winner)
Q-veta (
pink | 80 APM | 417 actions | 05:12)
3 Mountain King
2 Storm Bolt
1 Bash
» actions
| Assign group hotkey | 13 | |
| Basic commands | 51 | |
| Build / train | 25 | |
| Enter build submenu | 11 | |
| Enter hero's abilities submenu | 4 | |
| Right click | 149 | |
| Select / deselect | 119 | |
| Select group hotkey | 25 | |
| Use ability | 20 | |
417 total
» units
» upgrades
» buildings
| Altar of Kings | 1 | |
| Barracks | 1 | |
| Farm | 4 | |
| Scout Tower | 1 | |
| Arcane Tower | 1 | |
| Lumber Mill | 1 | |
| Arcane Vault | 1 | |
10 total
» build order
00:20 Altar of Kings
00:36 Barracks
00:50 Farm
01:06 Farm
01:54 Farm
01:56 Scout Tower
02:27 Arcane Tower
03:09 Lumber Mill
03:19 Farm
04:38 Arcane Vault
team 2 (loser)
SMERB.COM.COM (
purple | 148 APM | 768 actions | 05:12)
2 Death Knight
1 Death Coil
1 Unholy Aura
» actions
| Assign group hotkey | 11 | |
| Basic commands | 10 | |
| Build / train | 40 | |
| Enter build submenu | 10 | |
| Enter hero's abilities submenu | 3 | |
| Right click | 424 | |
| Select / deselect | 67 | |
| Select group hotkey | 175 | |
| Use ability | 28 | |
768 total
» units
| Acolyte | 2 | |
| Ghoul | 2 | |
| Crypt Fiend | 26 | |
30 total
» buildings
| Graveyard | 1 | |
| Crypt | 1 | |
| Altar of Darkness | 1 | |
| Ziggurat | 2 | |
| Tomb of Relics | 1 | |
| Halls of the Dead | 4 | |
10 total
» build order
00:07 Graveyard
00:19 Crypt
00:42 Altar of Darkness
01:03 Ziggurat
01:39 Tomb of Relics
02:18 Ziggurat
04:14 Halls of the Dead
04:15 Halls of the Dead
» items
refereesBG_NO_RE_LOSERS,
TehPactisSealed,
JewishNeOrcHuso,
Dawkjars,
wombat7373 Chat log
(00:08 / All) Q-veta: i liked our games so far, chum
(00:11 / All) SMERB.COM.COM: yes sir
(00:17 / All) Q-veta: they were highly anticipated
(00:28 / All) SMERB.COM.COM: kudos to tranced for making a forum tourney that is actually woriing
(00:32 / All) SMERB.COM.COM: first time in years
(00:34 / All) TehPactisSealed: I like this new rule.
(00:35 / All) TehPactisSealed: 4. You have 3 weeks(from the day I created this thread) to get this played, or the tournament is being dropped.
(00:38 / All) SMERB.COM.COM: lol
(00:38 / All) SMERB.COM.COM: ye
(00:44 / All) TehPactisSealed: gets people in line
(00:47 / All) TehPactisSealed: gl hf guys
(00:47 / All) SMERB.COM.COM: yip
(00:54 / All) Q-veta: so how does this work?
(00:57 / All) Q-veta: you get 1 point per win?
(00:58 / All) SMERB.COM.COM: did you race
(01:00 / All) SMERB.COM.COM: hu
(01:03 / All) Q-veta: yes
(01:11 / All) SMERB.COM.COM: kakakak
(01:23 / All) BG_NO_RE_LOSERS: kekeke
(02:32 / All) SMERB.COM.COM: i need to buy about
(02:36 / All) SMERB.COM.COM: 20 feet of cat5
(02:39 / All) SMERB.COM.COM: hope its like 15 bucks
(02:50 / All) Q-veta: you can have my 20 foot cat 5
(02:53 / All) Q-veta: it's in my pants
(02:55 / All) SMERB.COM.COM: :D
(05:10 / All) SMERB.COM.COM: gg